Tolliver Groat, neutral female gnomish Tourist . .. .... ..... .... ... ... .. . .. . . .... . ... .... . .............^................ ......... .................... ........................-- . ...............| .<.............---- .............)..a.| ...........---.@| ...... --- .. . Tolliver Groat the Excursionist Experience level: 7 Strength: 14 Dexterity: 13 Constitution: 17 Intelligence: 12 Wisdom: 6 Charisma: 14 Health: 0(59) Energy: 25(25) Def: 5 Gold: 2043 Moves: 4916 Dungeon seed: co4jzy-vBeH8nZk6 Game ID: Tolliver Groat_1591512509 Your Inventory: Coins $ - 2043 gold pieces Weapons a - 38 uncursed +2 darts (in quiver) p - an uncursed rusty +2 aklys (weapon in hand) w - a blessed +7 scimitar named Due Process B - a blessed +1 elven dagger C - 13 uncursed +0 darts F - a cursed -3 elven dagger Armor m - an uncursed +0 Hawaiian shirt (being worn) N - an uncursed +0 elven mithril-coat (being worn) Y - a cursed -1 mummy wrapping Comestibles b - 8 uncursed food rations g - an uncursed fortune cookie h - an uncursed lembas wafer i - an uncursed tripe ration G - 2 uncursed sprigs of wolfsbane Scrolls k - 5 uncursed scrolls of magic mapping s - an uncursed scroll of identify t - 2 uncursed scrolls of scare monster v - an uncursed scroll of light Spellbooks y - a cursed spellbook of detect food Potions z - 2 uncursed potions of hallucination A - a cursed potion of hallucination D - a cursed potion of healing E - an uncursed potion of fruit juice H - a cursed potion of see invisible K - an uncursed potion of restore ability O - a cursed potion of fruit juice U - a blessed potion of healing Rings L - an uncursed ring of slow digestion (on left hand) Wands l - an uncursed wand of secret door detection (0:11) r - an uncursed wand of digging (0:6) Tools e - an uncursed credit card n - an uncursed expensive camera (0:34) q - an uncursed can of grease (0:7) u - an uncursed brass lantern (0:1061) x - an uncursed towel W - an uncursed tin whistle Spells and supernatural/magical abilities: Name Level Category Fail Memory W - pray for help -- divine ? -- Your skills at the end: Miscellaneous Skills wands [Basic] stealth [Skilled] Weapon Skills club [Skilled] dart [Basic] Spellcasting Skills Final Attributes: You were devoutly aligned. You had infravision. You were stealthy. You had slower digestion. You were lucky. You are dead. Vanquished creatures: a large dog a human mummy 2 leprechauns a giant spider a scorpion a vampire bat a dust vortex 3 bugbears a Mordor orc a rock mole a rock piercer a pony 2 fog clouds a shrieker a gnomish wizard 2 gray oozes a puppy a homunculus a kobold shaman an iguana 10 hill orcs a rabid rat a jitterbug a dwarf zombie a wererat 3 coyotes 2 hobbits an acid blob 2 large kobolds 5 geckos 6 hobgoblins a giant rat 3 cave spiders 2 brown molds 2 yellow molds a gnome 2 manes a gnome zombie 12 jackals a kobold 3 newts 4 goblins 3 sewer rats 3 grid bugs 3 bats 2 lichens 2 kobold zombies 103 creatures vanquished. Voluntary challenges: You did not cause conflict. You were not invisible. You did not have reflection. You were not displaced. You used a wielded weapon 175 times, starting on turn 166. You did not apply a unicorn horn. You did not use plumbed fixtures. You were illiterate. You never genocided any monsters. You never polymorphed an object. You never changed form. You used no wishes. You never split a pudding. You never wrote Elbereth's name. You never violated your personal moral code. Dungeon overview: The Dungeons of Doom: levels 1 to 9 Level 1 an altar to Blind Io, a fountain a long staircase Level 2 Level 3 a fountain, a sink Level 4 some fountains, a sink stairs to The Gnomish Mines Level 5 a fountain Level 6 Level 7 a fountain Level 8 many fountains Level 9 The Gnomish Mines: levels 5 to 7 Level 5 stairs to The Dungeons of Doom Level 6 Level 7 <- You were here History has recorded: On T:1 you entered the Dungeons of Doom to retrieve the Amulet of Yendor! On T:291 you reached level 2 of The Dungeons of Doom. On T:585 you reached level 3 of The Dungeons of Doom. On T:624 you advanced to experience level 2. On T:963 you advanced to experience level 3. On T:1225 you reached level 4 of The Dungeons of Doom. On T:1439 you advanced to experience level 4. On T:1511 you reached level 5 of The Dungeons of Doom. On T:1723 you reached level 8 of The Dungeons of Doom. On T:1785 you reached level 7 of The Dungeons of Doom. On T:1836 you advanced to experience level 5. On T:2044 you reached level 6 of The Dungeons of Doom. On T:2128 you advanced to experience level 6. On T:3654 you advanced to experience level 7. On T:4468 you reached level 9 of The Dungeons of Doom. On T:4680 you reached level 1 of The Gnomish Mines. On T:4686 you reached level 2 of The Gnomish Mines. On T:4859 you reached level 3 of The Gnomish Mines. Score breakdown: Gold: 1198 ( 119 points) Experience: 7 levels ( 600 points) Exploration: 9 levels ( 240 points) Discoveries: 16 items ( 800 points) Variety of kills: 47 monsters ( 2000 points) Major goal: (nothing yet) ( 0 points) Survival: died (score multiplied by 3) Total score: 11277 Latest messages: The giant spider bites! The giant spider moves its spinnerets around you. The giant spider bites! The giant spider moves its spinnerets around you. You hit the giant spider. The giant spider bites! The giant spider moves its spinnerets around you. The giant spider bites! The giant spider moves its spinnerets around you. The giant spider bites! The giant spider moves its spinnerets around you. The giant spider bites! The giant spider moves its spinnerets around you. You kill the giant spider! You are stuck to the web. You stop running. The giant ant bites! You hit the giant ant! The giant ant bites! (5x) You hit the giant ant! The giant ant bites! (3x) You die... Final status: Aloha Tolliver Groat the Tourist, killed by a giant ant... You died in The Gnomish Mines on dungeon level 7 with 11277 points, and 2043 pieces of gold, after 4916 moves. You were level 7 with a maximum of 59 hit points when you died.